 Dungeon Crawl Stone Soup version 0.31-a0-150-g89dc3ad700 (webtiles) character file.

Game seed: 14166420785057565428

66 qw the Shooter (level 3, -3/31 HPs)
             Began as a Minotaur Hunter on June 8, 2023.
             Slain by a gnoll
             ... wielding a +0 halberd
              (14 damage)
             ... on level 2 of the Dungeon.
             The game lasted 00:00:25 (1004 turns).

qw the Shooter (Minotaur Hunter)                    Turns: 1004, Time: 00:00:26

Health: -3/31      AC:  5    Str: 15    XL:     3   Next: 96%
Magic:  2/2        EV: 11    Int:  6    God:
Gold:   45         SH:  0    Dex: 15    Spells: 2/2 levels left

rFire   . . .        Y - +0 shortbow
rCold   . . .        (shield currently unavailable)
rNeg    . . .        i - +0 ring mail
rPois   .            (helmet restricted)
rElec   .            (no cloak)
rCorr   .            (no gloves)
SInv    .            (no boots)
Will    .....        (no amulet)
Stlth   +            (no ring)
HPRegen 0.25/turn    (no ring)
MPRegen 0.08/turn

%: no passive effects
@: no status effects
A: horns 2, retaliatory headbutt
a: no special abilities


You were on level 2 of the Dungeon.
You visited 1 branch of the dungeon, and saw 2 of its levels.

You collected 45 gold pieces.


Innate Abilities, Weirdness & Mutations

You have a pair of horns on your head.
You reflexively headbutt those who attack you in melee.


   Skills:
 - Level 3.2 Fighting
 + Level 5.5 Ranged Weapons
 - Level 1.4 Armour
 - Level 2.1 Dodging
 - Level 0.7 Stealth


You had 2 spell levels left.
You didn't know any spells.
Your spell library was empty.

Inventory:

Hand Weapons
 Y - a +0 shortbow (weapon)
Armour
 i - a +0 ring mail (worn)
Scrolls
 a - a scroll of amnesia {unknown}
 b - a scroll of enchant armour
Potions
 c - 2 potions of mutation {unknown}
 d - a potion of degeneration {unknown}
 e - a potion of ambrosia {unknown}
 f - a potion of enlightenment {unknown}
 g - a potion of heal wounds {unknown}
 h - 2 potions of curing
 j - a potion of lignification {unknown}

Dungeon Overview and Level Annotations

Branches:
Dungeon (2/15)

Altars:


Message History

You hear a shout!
A gnoll comes into view. It is wielding a +0 whip.
A hobgoblin comes into view.
You shoot an arrow. The arrow barely misses the gnoll.
You shoot an arrow. The arrow hits the gnoll.
The gnoll is lightly wounded.
You shoot an arrow.
The arrow hits the gnoll but does no damage.
The gnoll misses you.
You shoot an arrow. The arrow hits the gnoll!
The gnoll is heavily wounded.
The hobgoblin hits you but does no damage.
The gnoll hits you but does no damage.
A gnoll comes into view. It is wielding a +0 halberd.
You shoot an arrow.
The arrow hits the gnoll but does no damage.
The gnoll is heavily wounded.
The hobgoblin completely misses you. You furiously retaliate!
You headbutt the hobgoblin!
You kill the hobgoblin!
The gnoll closely misses you.
You shoot an arrow. The arrow hits the gnoll!
You kill the gnoll!
A quokka comes into view.
The gnoll closely misses you.
Your Armour skill increases to level 1!
You shoot an arrow. The arrow barely misses the gnoll.
The gnoll hits you with a +0 whip.
You shoot an arrow. The arrow hits the gnoll.
The gnoll is heavily wounded.
The gnoll hits you with a +0 whip! The gnoll hits you with a +0 whip.
You shoot an arrow.
The arrow hits the gnoll but does no damage.
The gnoll is heavily wounded.
The gnoll hits you with a +0 whip.
The gnoll hits you from afar with a +0 halberd!
You shoot an arrow. The arrow hits the gnoll!
You kill the gnoll!
The gnoll hits you from afar with a +0 halberd!
You die...

...............#....
###.....#.....#....
#.....#.....#....
#.....#.....#....
#.....#.....#....
##...............
###...............
#.........#.......
#@#...............
.....gr)###<............
......... .............
.......... .............
..............###.......
##............# #.......
..............# #.......
.............. #.......
.........


You could see a gnoll and a quokka.

Vanquished Creatures
  4 gnolls
  3 ball pythons (D:1)
  2 endoplasms (D:1)
  3 giant cockroaches (D:1)
  2 goblins (D:1)
  6 hobgoblins
  4 quokkas (D:1)
  5 bats
  2 frilled lizards (D:1)
  4 rats
35 creatures vanquished.

Notes
Turn   | Place    | Note
-------+----------+-------------------------------------------
     0 | D:1      | qw the Minotaur Hunter began the quest for the Orb.
     0 | D:1      | Reached XP level 1. HP: 18/18 MP: 0/0
     0 | D:1      | 0 ||| qw: Version: 0.2-a-119-g0488c42
     0 | D:1      | 0 ||| qw: Game counter: 2711
     0 | D:1      | 0 ||| qw: Always use a shield: true
     0 | D:1      | 0 ||| qw: God list: Okawaru
     0 | D:1      | 0 ||| qw: Allow faded altars: false
     0 | D:1      | 0 ||| qw: Do Orc after D:15 true
     0 | D:1      | 0 ||| qw: Do second Lair branch before Depths: true
     0 | D:1      | 0 ||| qw: Lair rune preference: random
     0 | D:1      | 0 ||| qw: Plans: Normal
     0 | D:1      | 0 ||| PLANNING D:1-11
   115 | D:1      | Reached XP level 2. HP: 25/25 MP: 1/1
   123 | D:1      | Reached skill level 5 in Ranged Weapons
   144 | D:1      | Reached skill level 3 in Fighting
   294 | D:1      | Reached XP level 3. HP: 31/31 MP: 2/2
   681 | D:1      | 681 ||| UPGRADING to +0 ring mail.
   691 | D:1      | 691 ||| DROPPING +0 leather armour.
   692 | D:1      | 692 ||| READING scroll labelled VOIBUS BUDA.
   693 | D:1      | 693 ||| DRINKING 2 grey potions.
   694 | D:1      | 694 ||| DROPPING scroll of butterflies.
  1001 | D:2      | Reached skill level 1 in Armour
  1004 | D:2      | Slain by a gnoll

Levels and vault maps discovered:
D:1:      wander_arrival_chamber, layout_basic, chequers_decorated_corner,
          hangedman_feature_mirror
D:2:      layout_basic, minmay_pentomino_o4

Skill      XL: |  1  2  3 |
---------------+----------+-----
Ranged Weapons | 5 |  5.5
Fighting       | 3 |  3.2
Armour         | 1 |  1.4
Dodging        | |  2.1
Stealth        | |  0.7

Action                     || total
---------------------------++-------
   Fire: Shortbow          ||   103
    Use: Scroll            ||     1
         Potion            ||     1
 Armour: Leather armour    ||     7
         Ring mail         ||     2
  Dodge: Dodged            ||    23

Table legend:
 A = Non-vault XP
 B = Vault XP
 C = Vault XP percentage of total XP
 D = Non-vault monster count
 E = Vault monster count
 F = Vault count percentage of total count
                 A         B        C        D         E       F
            +---------+---------+-------+---------+---------+-------
      Total |     106 |       3 |   2.8 |      33 |       2 |   5.7
            +---------+---------+-------+---------+---------+-------
        D:1 |      70 |       3 |   4.1 |      26 |       2 |   7.1
        D:2 |      36 |       0 |   0.0 |       7 |       0 |   0.0
            +---------+---------+-------+---------+---------+-------
